 Dungeon Crawl Stone Soup version 0.17-a0-1738-g82cdc46 (webtiles) character file.

23 oryxwild the Sneak (level 3, -1/24 HPs)
             Began as an Octopode Assassin on Aug 30, 2015.
             Slain by a gnoll
             ... wielding a +0 halberd
              (6 damage)
             ... on level 1 of the Dungeon.
             The game lasted 00:01:16 (692 turns).

oryxwild the Sneak (Octopode Assassin)               Turns: 692, Time: 00:01:16

Health: -1/24      AC:  1    Str: 10    XL:     3   Next: 0%
Magic:  3/3        EV: 12    Int: 13    God:
Gold:   82         SH:  0    Dex: 14    Spells: 0 memorised, 2 levels left

rFire  . . .     SeeInvis .     a - +2 dagger
rCold  . . .     Clarity  .     (no shield)
rNeg   . . .     SustAt   .     (helmet restricted)
rPois  .         Gourm    .     (no amulet)
rElec  .         Spirit   .     (no ring)
rCorr  .         Warding  .     (no ring)
rMut   .         Stasis   .     (no ring)
MR     .....                    (no ring)
Stlth  +++++.....               (no ring)
                                (no ring)
                                (no ring)
                                (no ring)

@: not resistant to hostile enchantments, quite stealthy
A: almost no armour, amphibious, 8 rings, constrict 8, camouflage 1, gelatinous
body 1
a: no special abilities


You were on level 1 of the Dungeon.
You were not hungry.

You visited 1 branch of the dungeon, and saw 1 of its levels.

You collected 82 gold pieces.

Inventory:

Hand weapons
 a - a +2 dagger (weapon)
 b - a +0 blowgun
Missiles
 c - 8 poisoned needles
 d - 2 curare-tipped needles
 f - 72 stones (quivered)
Armour
 h - a +0 buckler
Scrolls
 g - 2 scrolls of magic mapping {unknown}
 i - 2 scrolls of teleportation {unknown}
 j - a scroll of enchant weapon {unknown}
 l - a scroll of identify {unknown}
Potions
 k - a potion of haste {unknown}
Comestibles
 e - a bread ration


   Skills:
 - Level 2.0 Fighting
 - Level 2.0 Short Blades
 - Level 2.0 Throwing
 - Level 1.0 Dodging
 + Level 6.6 Stealth


You had 2 spell levels left.
You didn't know any spells.

Dungeon Overview and Level Annotations

Branches:
Dungeon (1/15)

Altars:


Innate Abilities, Weirdness & Mutations

You cannot wear most types of armour.
You are amphibious.
You can wear up to eight rings at the same time.
You can use your tentacles to constrict eight enemies at once.
Your skin changes colour to match your surroundings (Stealth).
Your rubbery body absorbs attacks (AC +1).


Message History

g - 2 scrolls labeled QUUSMU IVINK (gained 1)
You now have 82 gold pieces (gained 11).
You open the door.
There is an open door here.
There is a fountain of sparkling water here.
You open the door.
There is an open door here.
A gnoll comes into view. It is wielding a halberd.
The gnoll shouts!
The gnoll hits you from afar with a halberd!
The gnoll hits you with a halberd.
You hit the gnoll but do no damage. You grab the gnoll. You squeeze the gnoll.
The gnoll is heavily wounded.
You constrict the gnoll. The gnoll hits you with a halberd!
* * * LOW HITPOINT WARNING * * *
You are too injured to fight recklessly!
You are too injured to fight recklessly!
You release your grip on the gnoll.
The gnoll hits you from afar with a halberd.
You die...

.#########.#
#...................
...........#
#.#.######..........
..#.......## #.#...#
#..........
..#.##..### #.###.#
######..... ..#
#..#..# #.....#
#..... ..# #..+..#
##...## #.....
..#.#.##### #...#
#####. ..#.......#
#...# #. ..##.#'#..#
#.@.# #. ####.#..#.#
#...# ##### #.
..#.[#..#.# #.g.#
#...>###+
#.#.#####.# #...#
#........
#.#.......#
#...#######........
#.##......#
######...##........
#.####'####
#.......#....###.
#.# #...#
#.##.##.#### #. #.#
#...# #.##.##.## #.


You could see a gnoll.

Vanquished Creatures
  2 hobgoblins (D:1)
  2 jackals (D:1)
  9 kobolds (D:1)
  4 bats (D:1)
  A goblin (D:1)
  4 rats (D:1)
22 creatures vanquished.

Notes
Turn   | Place    | Note
--------------------------------------------------------------
     0 | D:1      | oryxwild the Octopode Assassin began the quest for the Orb.
     0 | D:1      | Reached XP level 1. HP: 14/14 MP: 1/1
   243 | D:1      | Reached XP level 2. HP: 17/19 MP: 2/2
   287 | D:1      | Reached skill level 6 in Stealth
   604 | D:1      | Reached XP level 3. HP: 24/24 MP: 3/3
   692 | D:1      | Slain by a gnoll

Vault maps used:
D:1:      dpeg_arrival_erosion, grunt_decor_mini_mirrors

Action                   || total
-------------------------++-------
Melee: Dagger            ||    37
Throw: Stone             ||     6
 Stab: Sleeping          ||     9
